Zazza, lawful female dwarven Archeologist ------------- |...........| ##............| # |...<........## ### |.....o@....| # |...F.......| ### ----.-------- # # # # # # ----- # # |+++. # ### |]?+.|# # |+++.-# ## |+++.| -.------------- ----- |.!%(*./!.>...+ |[?.+.[.......| --------------- Zazza the Field Worker Experience level: 4 Strength: 13 Dexterity: 9 Constitution: 14 Intelligence: 16 Wisdom: 16 Charisma: 8 Health: 0(37) Energy: 17(17) Def: 13 Gold: 0 Moves: 7525 Dungeon seed: Z4C3xY9e9snDXreY Game ID: Zazza_1621874963 Your Inventory: Weapons a - a +2 bullwhip z - a cursed -1 orcish dagger (weapon in hand) Armor e - an uncursed +0 leather jacket (being worn) x - an uncursed +0 pair of jumping boots (being worn) N - an uncursed +0 orcish helm (being worn) U - a cursed +0 cloak of magic resistance (being worn) Comestibles D - 16 uncursed food rations Scrolls C - an uncursed scroll of fire Potions A - an uncursed potion of invisibility Rings j - an uncursed ring of fire resistance (on left hand) Wands E - a cursed wand of striking (0:2) H - a cursed wand of sleep (0:5) I - a cursed wand of digging (0:5) J - a cursed wand of digging (0:3) R - a cursed wand of fire (0:7) S - a cursed wand of lightning (0:4) T - a cursed wand of speed monster (0:5) Tools c - a +0 pick-axe f - an uncursed sack k - an uncursed skeleton key t - an uncursed towel u - an uncursed skeleton key B - a cursed oil lamp (0:0) Y - an uncursed stethoscope Gems h - an uncursed jade stone n - an uncursed fluorite stone q - an uncursed touchstone r - an uncursed aquamarine stone y - an uncursed opal W - a cursed agate stone Contents of the sack: 5352 gold pieces a +0 orcish dagger 2 uncursed carrots 2 uncursed eggs an uncursed egg a cursed fortune cookie 4 cursed lembas wafers an uncursed lichen corpse 2 cursed pears an uncursed slime mold an uncursed scroll of amnesia an uncursed scroll of earth a cursed scroll of enchant armor an uncursed scroll of identify an uncursed scroll of light a cursed ring of aggravate monster an uncursed ring of conflict a cursed ring of polymorph a cursed ring of slow digestion a wand of speed monster (0:5) an uncursed figurine of a cave spider an uncursed figurine of a kobold zombie a tinning kit (0:50) an uncursed amethyst stone Spells and supernatural/magical abilities: Name Level Category Fail Memory W - pray for help -- divine ? -- Y - supernatural jump -- ability ? -- Your skills at the end: Fighting Skills Weapon Skills pick-axe [Basic] whip [Basic] Spellcasting Skills Final Attributes: You were piously aligned. You were fire resistant. You were magic-protected. You had infravision. You were stealthy. You could jump. You were protected. You were fast. You are dead. Vanquished creatures: a small mimic a large cat 2 giant spiders a dog a housecat a rock mole a yellow light a gnome lord 2 gray oozes a little dog a floating eye 2 kobold lords 2 rothes 3 giant bats a monkey 2 orc zombies 2 dwarf zombies a wererat 3 werejackals 6 iguanas 2 acid blobs 5 coyotes 2 gas spores 3 hobbits a large kobold 2 hobgoblins 7 giant rats 2 cave spiders 3 brown molds a yellow mold a red mold 5 gnomes 10 garter snakes 2 gnome zombies 3 geckos 2 jackals 2 foxes a kobold 8 goblins 5 sewer rats 18 grid bugs 5 bats 5 lichens 4 kobold zombies 5 newts 139 creatures vanquished. Voluntary challenges: You did not eat until turn 2129. You had followed a strict vegan diet until turn 2129. You had followed a strict vegetarian diet until turn 2129. You used a wielded weapon 57 times, starting on turn 543. You read items or engraved 12 times, starting on turn 77. You never genocided any monsters. You never polymorphed an object. You never changed form. You used no wishes. You never split a pudding. You wrote Elbereth's name 9 times, starting on turn 77. You never violated your personal moral code. Dungeon overview: The Dungeons of Doom: levels 1 to 5 Level 1 an altar to Huhetotl a long staircase Level 2 a fountain, a sink stairs to The Gnomish Mines Level 3 a fountain Level 4 an altar to Camaxtli Level 5 <- You were here a bookstore The Gnomish Mines: levels 3 to 7 Level 3 stairs to The Dungeons of Doom Level 4 Level 5 Level 6 many shops, a temple to Huhetotl, some fountains Level 7 History has recorded: On T:1 you entered the Dungeons of Doom to retrieve the Amulet of Yendor! On T:289 you reached level 2 of The Dungeons of Doom. On T:559 you reached level 3 of The Dungeons of Doom. On T:613 you reached level 1 of The Gnomish Mines. On T:702 you reached level 3 of The Gnomish Mines. On T:730 you reached level 4 of The Gnomish Mines. On T:3816 you advanced to experience level 2. On T:4244 you reached level 2 of The Gnomish Mines. On T:5093 you advanced to experience level 3. On T:5593 you reached level 5 of The Gnomish Mines. On T:7226 you advanced to experience level 4. On T:7318 you reached level 4 of The Dungeons of Doom. On T:7350 you reached level 5 of The Dungeons of Doom. Score breakdown: Gold: 5352 (12683 points) Experience: 4 levels ( 9649 points) Exploration: 7 levels ( 14.58%) (10718 points) Discoveries: 35 items ( 11.99%) (10386 points) Valuables value: (no points given unless you survive) Artifact value: 0 ( 0 points) Variety of kills: 45 monsters ( 11.81%) (10310 points) Turncount: 7525 turns (-1958 points) Survival: died (score multiplied by 80%) Total score: 41430 Latest messages: You miss the hill orc. The hill orc swings her scimitar. The hill orc hits! You miss the hill orc. (2x) The hill orc swings her scimitar. The hill orc misses. The hill orc swings her scimitar. The hill orc hits! You miss the hill orc. The hill orc swings her scimitar. The hill orc misses. You miss the hill orc. (2x) The hill orc swings her scimitar. The hill orc misses. You miss the hill orc. The hill orc swings her scimitar. The hill orc hits! You miss the hill orc. The hill orc swings her scimitar. The hill orc just misses! You hit the hill orc. You miss the hill orc. The hill orc swings her scimitar. The hill orc hits! You die... Final status: Goodbye Zazza the Archeologist, killed by a hill orc... You died in The Dungeons of Doom on dungeon level 5 with 41430 points, and 5352 pieces of gold, after 7525 moves. You were level 4 with a maximum of 37 hit points when you died.